 Dungeon Sprint DCSS version 0.31-a0-818-ge7c7cf74f0 (webtiles) character file.

Game seed: 10750994775063580638

15429 sircluck the Brawler (level 12, -10/214 HPs)
             Began as a Troll Berserker on Sept 23, 2023.
             Was the Champion of Trog.
             Mangled by a sixfirhy (12 damage)
             ... in the Dungeon (Sprint VII: "The Pits").
             The game lasted 00:06:45 (1708 turns).

sircluck the Brawler (Troll Berserker)              Turns: 1708, Time: 00:06:45

Health: -10/214    AC:  8    Str: 35    XL:     12   Next: 1%
Magic:  11/11      EV: 14    Int:  3    God:    Trog [******]
Gold:   35         SH:  0    Dex:  9    Spells: 11/11 levels left

rFire   . .          .
                       - Unarmed
rCold   . . .        (no shield)
rNeg    . . .        o - +0 troll leather armour
rPois   .            (helmet restricted)
rElec   .            (no cloak)
rCorr   .            (gloves unavailable)
SInv    .            (boots unavailable)
Will    .....        (no amulet) Stlth
                     k - +3 ring of strength
HPRegen 2.15/turn    l - +3 ring of protection
MPRegen 0.12/turn

%: no teleportation
@: berserking (expiring), lethally poisoned (-10 -> -10), very quick
A: large, unfitting armour, claws 3, regeneration 1, shaggy fur 1, tough skin 1
a: Renounce Religion, Berserk, Trog's Hand, Brothers in Arms


You were in the Dungeon.
You worshipped Trog.
Trog was exalted by your worship.
You visited 1 branch You collected 35 gold pieces.

Inventory:

Armour
 a - a +0 animal skin
 o - a +0 troll leather armour (worn)
Jewellery
 k - a +3 ring of strength (left claw)
 l - a +3 ring of protection (right claw)
 v - a ring of poison resistance
 w - a ring of see invisible
Wands
 p - a wand of roots (11)
 u - a wand of flame (9)
Scrolls
 i - 2 scrolls of vulnerability
 j - a scroll of butterflies
 q - 2 scrolls of identify
 r - 3 scrolls of fog
 s - 4 scrolls of enchant armour
 t - 2 scrolls of fear
Potions
 b - 8 potions of curing
 c - 8 potions of heal wounds
 d - 2 potions of haste
 e - 4 potions of magic
 f - 4 potions of berserk rage
 h - 2 potions of invisibility
 m - 2 potions of mutation
 n - a potion of resistance


   Skills:
 + Level 15.4 Fighting
 + Level 15.2 Dodging
 + Level 17.9 Unarmed Combat


You had 11 spell levels left.
You didn't know any spells.
Your spell library was empty.

Dungeon Overview and Level Annotations

Branches:
Dungeon (1/1)

Altars:
Ashenzari
Cheibriados
Dithmenos
Elyvilon
Fedhas
Gozag
Hepliaklqana
Kikubaaqudgha
Makhleb
Nemelex Xobeh
Okawaru
Qazlal
Ru
Sif Muna
Trog
Uskayaw
Vehumet
Wu Jian
Xom
Yredelemnul
Zin
The Shining One
Jiyva
Lugonu

Annotations:
D Nergalle


Innate Abilities, Weirdness & Mutations

You are too large for most types of armour.
You have claws for hands.
Your natural rate of healing is unusually fast.
You are covered in fur. (AC +1)
You have tough skin. (AC +1)


Message History

The lindwurm closely misses you.
You eviscerate the lindwurm!!!
The lindwurm is almost dead.
You feel sick.
You hear a horrible gurgling sound!
The centaur warrior closely misses you.
The centaur warrior kicks you but does no damage.
You scratch the lindwurm.
You kill the lindwurm!
Trog accepts your kill.
Your life force feels restored.
Unknown command.
Unknown command.
Unknown command.
Unknown command.
Unknown command.
You closely miss the centaur warrior.
The centaur warrior is almost dead.
The hornet changes into a blink frog!
The centaur warrior closely misses you.
The centaur warrior kicks you but does no damage.
You barely miss the centaur warrior.
The centaur warrior is severely wounded.
You feel sick. The centaur warrior hits you.
* * * LOW HITPOINT WARNING * * *
The centaur warrior barely misses you.
You mangle the centaur warrior!!
You kill the centaur warrior!
Trog accepts your kill. The blink frog hits you.
* * * LOW HITPOINT WARNING * * *
The chaos spawn misses you.
You have reached level 12!
You feel stronger.
Unknown command.
Unknown command.
You closely miss the chaos spawn. Your claw misses the chaos spawn.
You feel sick. The sixfirhy hits you!
* * * LOW HITPOINT WARNING * * *
The sixfirhy shocks you!
You die...

#..........# #..........#
+..#....#..# +..........#
#..........#
####################..#....#..#
..................''..........#
...............3F4''..........#
#############'##@.##..#....#..#
# k#Z#..##..........+ # .#
##..##..........+ # B#
#..####++####''# # o# #..#
#''### # /# #..# #..)..
################..# #..†..
..................# #..###
..................# #..#


You could see a sixfirhy, a blink frog shaped shifter and a chaos spawn.

Vanquished Creatures
  A bone dragon (D)
  A merfolk avatar (D)
  Erica (D)
  A centaur warrior (D)
  A demonic crawler (D)
  A shadow wraith (D)
  A flayed ghost (D)
  A bog body (D)
  2 lindwurms (D)
  An orc knight (D)
  A manticore (D)
  An elephant (shapeshifter) (D)
  A cane toad (D)
  An eye of devastation (D)
  A large abomination (D)
  A yaktaur (D)
  A guardian mummy (D)
  A tyrant leech (D)
  A troll (D)
  A snapping turtle (D)
  A jumping spider (D)
  A ynoxinul (D)
  6 yaks (D)
  2 wraiths (D)
  A steam dragon (D)
  4 redbacks (D)
  A water moccasin (D)
  A small abomination (D)
  A floating eye (D)
  An orc warrior (D)
  An ice beast (D)
  A sky beast (D)
  8 wolves (D)
  A phantom (D)
  An earth elemental (D)
  3 wights (D)
  4 killer bees (D)
  2 hounds (D)
  An orc priest (D)
  A jelly (D)
  An orc wizard (D)
  A gnoll (D)
  3 river rats (D)
  A white imp (D)
  An adder zombie (D)
  A worm (D)
  5 orcs (D)
  A bat (D)
  2 endoplasms (D)
  A giant cockroach (D)
  3 goblins (D)
  7 jackals (D)
  A quokka (D)
  A rat (D)
92 creatures vanquished.

Vanquished Creatures (collateral kills)
  Josephine (D)
  A phantasmal warrior (D)
  A merfolk siren (D)
  3 wraiths (D)
  A sky beast (D)
  A black bear (D)
  A wight (D)
  An adder (D)
  A frilled lizard (D)
11 creatures vanquished.

Grand Total: 103 creatures vanquished

Notes
Turn   | Place    | Note
-------+----------+-------------------------------------------
     0 | D        | sircluck the Troll Berserker began the quest for the Orb.
     0 | D        | Reached XP level 1. HP: 22/22 MP: 0/0
    14 | D        | Noticed a small abomination
    14 | D        | Noticed a ynoxinul
    26 | D        | Killed a small abomination
    26 | D        | Reached ** piety under Trog
    27 | D        | Reached skill level 5 in Fighting
    27 | D        | Reached skill level 5 in Dodging
    27 | D        | Reached skill level 6 in Unarmed Combat
    27 | D        | Reached XP level 2. HP: 20/35 MP: 1/1
    27 | D        | Reached XP level 3. HP: 24/42 MP: 2/2
    27 | D        | Reached XP level 4. HP: 29/50 MP: 3/3
    31 | D        | Killed a ynoxinul
    32 | D        | Reached skill level 7 in Unarmed Combat
    32 | D        | Reached XP level 5. HP: 32/61 MP: 4/4
    32 | D        | Reached XP level 6. HP: 35/68 MP: 5/5
   114 | D        | Noticed a jumping spider
   129 | D        | Killed a jumping spider
   130 | D        | Reached skill level 8 in Unarmed Combat
   147 | D        | Noticed a manticore
   162 | D        | Killed a manticore
   162 | D        | Reached *** piety under Trog
   163 | D        | Reached skill level 10 in Unarmed Combat
   163 | D        | Reached XP level 7. HP: 19/81 MP: 6/6
   250 | D        | Found a bloodstained altar of Trog.
   250 | D        | Found a shimmering blue altar of Sif Muna.
   250 | D        | Found a viscous altar of Jiyva.
   250 | D        | Found a hazy altar of Hepliaklqana.
   250 | D        | Found an opulent altar of Gozag.
   251 | D        | Found a glowing golden altar of the Shining One.
   251 | D        | Found a glowing silver altar of Zin.
   251 | D        | Found a basalt altar of Yredelemnul.
   251 | D        | Found a shimmering altar of Xom.
   251 | D        | Found an ornate altar of the Wu Jian Council.
   251 | D        | Found a sacrificial altar of Ru.
   251 | D        | Found a stormy altar of Qazlal.
   251 | D        | Found an iron altar of Okawaru.
   251 | D        | Found a sparkling altar of Nemelex Xobeh.
   251 | D        | Found a burning altar of Makhleb.
   251 | D        | Found a blossoming altar of Fedhas.
   251 | D        | Found a white marble altar of Elyvilon.
   251 | D        | Found a shadowy altar of Dithmenos.
   251 | D        | Found a snail-covered altar of Cheibriados.
   255 | D        | Found a corrupted altar of Lugonu.
   255 | D        | Found a radiant altar of Vehumet.
   256 | D        | Found a broken altar of Ashenzari.
   256 | D        | Found an ancient bone altar of Kikubaaqudgha.
   256 | D        | Found a hide-covered altar of Uskayaw.
   326 | D        | Reached **** piety under Trog
   365 | D        | Reached ***** piety under Trog
   368 | D        | Received a gift from Trog
   519 | D        | Reached XP level 8. HP: 92/92 MP: 7/7
   547 | D        | Reached skill level 11 in Unarmed Combat
   552 | D        | Received a gift from Trog
   569 | D        | Noticed a large abomination
   581 | D        | Killed a large abomination
   582 | D        | Reached skill level 10 in Fighting
   582 | D        | Reached skill level 10 in Dodging
   589 | D        | Reached ****** piety under Trog
   694 | D        | Noticed a snapping turtle
   694 | D        | Noticed a lindwurm
   702 | D        | Killed a lindwurm
   703 | D        | Reached skill level 12 in Unarmed Combat
   703 | D        | Reached XP level 9. HP: 91/102 MP: 8/8
   708 | D        | Received a gift from Trog
   769 | D        | Noticed a yaktaur
   781 | D        | Killed a yaktaur
   782 | D        | Reached skill level 13 in Unarmed Combat
   885 | D        | Noticed a phantasmal warrior
   885 | D        | Noticed a tyrant leech
   885 | D        | Noticed a demonic crawler
   888 | D        | Killed a phantasmal warrior
   903 | D        | Killed a tyrant leech
   906 | D        | Received a gift from Trog
   915 | D        | Killed a demonic crawler
   916 | D        | Reached skill level 14 in Unarmed Combat
   916 | D        | Reached XP level 10. HP: 74/115 MP: 9/9
   975 | D        | Noticed a merfolk avatar
   982 | D        | Killed a merfolk avatar
  1032 | D        | Noticed a flayed ghost
  1032 | D        | Noticed an eye of devastation
  1036 | D        | Received a gift from Trog
  1041 | D        | Killed an eye of devastation
  1042 | D        | Reached skill level 15 in Unarmed Combat
  1048 | D        | Killed a flayed ghost
  1258 | D        | Received a gift from Trog
  1268 | D        | Noticed an orc knight
  1276 | D        | Killed an orc knight
  1277 | D        | Reached XP level 11. HP: 99/127 MP: 10/10
  1278 | D        | Received a gift from Trog
  1333 | D        | Reached skill level 16 in Unarmed Combat
  1361 | D        | Noticed Josephine
  1361 | D        | Noticed Erica
  1375 | D        | Killed Josephine
  1375 | D        | Received a gift from Trog
  1379 | D        | Killed a shadow wraith
  1384 | D        | Received a gift from Trog
  1403 | D        | Noticed a bog body
  1405 | D        | Killed Erica
  1405 | D        | Received a gift from Trog
  1412 | D        | Killed a bog body
  1413 | D        | Reached skill level 17 in Unarmed Combat
  1463 | D        | Received a gift from Trog
  1681 | D        | Noticed a bone dragon
  1681 | D        | Noticed a lindwurm
  1681 | D        | Noticed Nergalle
  1682 | D        | Noticed a centaur warrior
  1686 | D        | Noticed an entropy weaver
  1692 | D        | Killed a bone dragon
  1693 | D        | Reached skill level 15 in Fighting
  1693 | D        | Reached skill level 15 in Dodging
  1702 | D        | Noticed a sixfirhy
  1704 | D        | Killed a lindwurm
  1707 | D        | Killed a centaur warrior
  1707 | D        | HP: 8/198 [blink frog (shapeshifter) (5)]
  1708 | D        | Reached XP level 12. HP: 8/143 MP: 11/11
  1708 | D        | HP: 2/214 [sixfirhy (7)]
  1708 | D        | Mangled by a sixfirhy

Illustrated notes

Levels and vault maps discovered:
D:        pitsprint [storerooms_1, entrance_room_1, metal_vault_3, armoury_1,
          mini_pit_1, grid_room_1, main_hall_1, silver_pit, the_coven_2,
          the_vestibule_1, steel_vault_4, golden_pit, hallway_of_sentries,
          crystal_vault_5, iron_vault_4, final_vault]

Skill      XL: |  1  2  3  4  5  6  7  8  9 10 11 |
---------------+----------------------------------+-----
Fighting       | 5 6 8 9 10 12 13 15 | 15.4
Dodging        | 5 6 8 9 10 11 13 15 | 15.2
Unarmed Combat | 6 7 10 12 14 15 17 | 17.9

Action                     |  1- 3 |  4- 6 |  7- 9 | 10-12 || total
---------------------------+-------+-------+-------+-------++-------
  Melee: Unarmed           |     8 |    16 |   130 |   132 ||   286
         Punch             |     1 |       |     5 |     9 ||    15
 Invoke: Berserk           |     1 |       |     4 |     3 ||     8
         Brothers in Arms  |       |       |     1 |     3 ||     4
    Use: Potion            |       |       |     3 |     9 ||    12
         Scroll            |       |       |       |     1 ||     1
 Armour: Animal skin       |     4 |    19 |   105 |    27 ||   155
         Troll leather arm |       |       |       |    89 ||    89
  Dodge: Dodged            |     2 |    11 |    68 |    79 ||   160

Table legend: (Time is in decaauts)
 A = Elapsed time spent in this place.
 B = Non-inter-level travel time spent in this place.
 C = Inter-level travel time spent in this place.
 D = Time resting spent in this place.
 E = Time spent auto-exploring this place.
 F = Levels seen in this place.
 G = Mean time per level.
                   A        B        C        D        E       F      G
               +--------+--------+--------+--------+--------+-----+--------+
         Total |   1709 |   1660 |     49 |    522 |    294 |   1 | 1709.0 |
       Dungeon |   1709 |   1660 |     49 |    522 |    294 |   1 | 1709.0 |
               +--------+--------+--------+--------+--------+-----+--------+

Top non-repeatable levels by time:
       D: 1709 daAuts
